 Dungeon Crawl Stone Soup version 0.30-a0-310-g7d6cbdfea6 (webtiles) character file.

Game seed: 15174884273097952217

225 NinjaNoafa the Cudgeller (level 6, -8/39 HPs)
             Began as a Gargoyle Monk on Oct 24, 2022.
             Killed by divine providence
             ... invoked by an orc priest
              (12 damage)
             ... on level 3 of the Dungeon.
             The game lasted 00:03:24 (2047 turns).

NinjaNoafa the Cudgeller (Gargoyle Monk)            Turns: 2047, Time: 00:03:25

Health: -8/39      AC: 16    Str: 11 (14) XL:     6   Next: 1%
Magic:  6/6        EV:  9    Int:  9 (11) God:
Gold:   184        SH:  0    Dex:  9 (12) Spells: 5/5 levels left

rFire   . . .      SeeInvis .    a - +0 mace
rCold   . . .      Faith    .    (no shield)
rNeg    + . .      Spirit   .    b - +0 scale mail
rPois   ∞          Reflect  .    d - +2 helmet
rElec   +          Harm     .    (no cloak)
rCorr   .          Rampage  .    o - +0 pair of gloves
Will    .....                    n - +0 pair of boots
Stlth   ..........               (no amulet)
HPRegen 0.26/turn                (no ring)
MPRegen 0.10/turn                (no ring)

@: attractive
A: sickness immunity, AC +4, negative energy resistance 1, electricity
resistance, torment resistance 1, petrification resistance, weak 1
a: no special abilities


You were on level 3 of the Dungeon.
You visited 1 branch of the dungeon, and saw 3 of its levels.

You collected 184 gold pieces.

Inventory:

Hand Weapons
 a - a +0 mace (weapon)
Missiles
 l - 20 stones
 r - 6 poisoned darts (quivered)
Armour
 b - a +0 scale mail (worn)
 d - a +2 helmet (worn)
 n - a +0 pair of boots (worn)
 o - a +0 pair of gloves (worn)
Scrolls
 e - 3 scrolls of enchant armour {unknown}
 i - a scroll of teleportation {unknown}
 j - a scroll of poison {unknown}
 k - a scroll of vulnerability {unknown}
 p - a scroll of magic mapping {unknown}
 s - a scroll of blinking {unknown}
 t - a scroll of fog {unknown}
 u - a scroll of noise {unknown}


   Skills:
 + Level 4.5 Fighting
 - Level 5.0 Maces & Flails
 - Level 3.0 Armour
 - Level 2.4 Dodging
 - Level 2.1 Stealth


You had 5 spell levels left.
You didn't know any spells.
Your spell library contained the following spells:

 Spells                   Type           Power      Damage    Failure   Level
 Inner Flame              Hex/Fire       0%         N/A       100%        3
 Flame Wave               Conj/Fire      0%         2d4       100%        4
 Sticky Flame             Conj/Fire      0%         2d3       100%        4


Dungeon Overview and Level Annotations

Branches:
Dungeon (3/15)

Altars:


Innate Abilities, Weirdness & Mutations

You are immune to sickness and miasma.
Your stone body is resilient. (AC +4)
You are immune to poison.
You resist negative energy. (rN+)
You are resistant to electric shocks. (rElec)
You are resistant to unholy torment.
You are immune to petrification.
You are weak. (Str -2)


Message History

It was a potion of heal wounds.
You feel much better.
The orc priest calls down the wrath of Beogh upon you.
Beogh smites you! The orc priest barely misses you.
The orc hits you but does no damage.
You sock the orc!
You kill the orc!
The orc priest invokes the aid of Beogh against you.
Beogh smites you!
* * * LOW HITPOINT WARNING * * *
The orc priest is attracted toward you. x2
The dart slug is attracted toward you.
You hit the orc priest but do no damage.
The orc priest is moderately wounded.
The orc priest calls down the wrath of Beogh upon you.
Beogh smites you!
* * * LOW HITPOINT WARNING * * *
The orc priest closely misses you.
You closely miss the orc priest.
The orc priest is moderately wounded.
The orc priest hits you but does no damage.
It was a potion of mutation.
You feel extremely strange.
You feel weaker.
The orc priest hits you but does no damage.
The orc priest mumbles some strange prayers to Beogh against you.
You barely resist.
It was a potion of degeneration.
There was something very wrong with that liquid.
You feel weakened.
You feel dopey.
You feel clumsy.
The orc priest hits you but does no damage.
The orc priest barely misses you.
You hit the orc priest.
The orc priest is moderately wounded.
The orc priest barely misses you.
The orc priest hits you but does no damage.
You closely miss the orc priest.
The orc priest is moderately wounded.
The orc priest hits you but does no damage.
The orc priest invokes the aid of Beogh against you.
Beogh smites you!
You die...

#..# #.. #..
#.. #..# #.#
#..# #.# #..#
#w######## ###
#..# #oo.......
...# #..#
#.@#######
#.#### #..#
#....$....
#.....
#..####.#######
#.....
#.......#
#.....
#.#######
#..... #.#
#..... ###.##
#..... #....#
#.#### #.#..#
#.#


You could see 2 orc priests and a dart slug.

Vanquished Creatures
  4 orc wizards (D:3)
  Robin (D:2)
  6 adders
  A worm (D:3)
  3 dart slugs
  4 orcs (D:3)
  7 endoplasms
  2 giant cockroaches (D:1)
  13 goblins
  6 hobgoblins
  2 quokkas
  3 ball pythons (D:2)
  4 bats
  2 frilled lizards
  3 kobolds
  5 rats
66 creatures vanquished.

Vanquished Creatures (others)
  A withered plant (D:2)
1 creature vanquished.

Grand Total: 67 creatures vanquished

Notes
Turn   | Place    | Note
-------+----------+-------------------------------------------
     0 | D:1      | NinjaNoafa the Gargoyle Monk began the quest for the Orb.
     0 | D:1      | Reached XP level 1. HP: 14/14 MP: 1/1
   117 | D:1      | Reached skill level 1 in Armour
   139 | D:1      | Reached XP level 2. HP: 19/19 MP: 2/2
   955 | D:2      | Reached XP level 3. HP: 23/23 MP: 3/3
  1063 | D:2      | Found a faded altar of an unknown god.
  1100 | D:2      | Reached XP level 4. HP: 21/28 MP: 4/4
  1112 | D:2      | Reached skill level 4 in Maces & Flails
  1440 | D:2      | Noticed Robin
  1480 | D:2      | Killed Robin
  1576 | D:3      | Reached XP level 5. HP: 32/32 MP: 5/5
  1739 | D:3      | Reached skill level 5 in Maces & Flails
  2025 | D:3      | Reached XP level 6. HP: 3/39 MP: 6/6
  2044 | D:3      | Gained mutation: You are weak. (Str -2) [potion of
                  | mutation]
  2047 | D:3      | Killed from afar by an orc priest

Illustrated notes

Levels and vault maps discovered:
D:1:      minmay_arrival_loop, layout_basic, minmay_misc_feat_rugged,
          nrook_loot_triangle, minmay_bisected
D:2:      layout_rooms, ebering_ecumenical_altar_petrified, uniq_robin
D:3:      layout_basic, serial_park_tiny_2

Skill      XL: |  1  2  3  4  5 |
---------------+----------------+-----
Armour         | 1 2 3 |  3.0
Maces & Flails | 4 5 |  5.0
Fighting       | 4 |  4.5
Dodging        | |  2.4
Stealth        | |  2.1

Action                   |  1- 3 |  4- 6 || total
-------------------------+-------+-------++-------
Melee: Mace              |    87 |   149 ||   236
Throw: Dart              |       |     8 ||     8
  Use: Potion            |       |     8 ||     8
 Stab: Sleeping          |     3 |       ||     3
Armor: Robe              |    22 |       ||    22
       Scale mail        |    36 |   122 ||   158
       Leather armour    |     4 |       ||     4
Dodge: Dodged            |    64 |    98 ||   162

Table legend: (Time is in decaauts)
 A = Elapsed time spent in this place.
 B = Non-inter-level travel time spent in this place.
 C = Inter-level travel time spent in this place.
 D = Time resting spent in this place.
 E = Time spent auto-exploring this place.
 F = Levels seen in this place.
 G = Mean time per level.
                   A        B        C        D        E       F      G
               +--------+--------+--------+--------+--------+-----+--------+
         Total |   2094 |   2020 |     74 |      0 |   1408 |   3 |  698.0 |
       Dungeon |   2094 |   2020 |     74 |      0 |   1408 |   3 |  698.0 |
               +--------+--------+--------+--------+--------+-----+--------+

Top non-repeatable levels by time:
     D:1: 937 daAuts
     D:2: 649 daAuts
     D:3: 507 daAuts
